 Dungeon Crawl Stone Soup version 0.25-a0-843-g6944ee3 (webtiles) character file.

Game seed: 11022360207011717932, levelgen mode: deterministic

30 BlueFish the Insei (level 3, 0/23 HPs)
             Began as an Octopode Transmuter on Apr 26, 2020.
             Slain by a bullfrog (8 damage)
             ... on level 4 of the Dungeon.
             The game lasted 00:03:51 (953 turns).

BlueFish the Insei (Octopode Transmuter)             Turns: 953, Time: 00:03:52

Health: 0/23       AC:  1    Str: 10    XL:     3   Next: 18%
Magic:  5/6        EV: 13    Int: 15    God:
Gold:   84         SH:  0    Dex: 12    Spells: 3/6 levels left

rFire    . . .     SeeInvis .     - Unarmed
rCold    . . .     Gourm    .   (no shield)
rNeg     . . .     Faith    .   (helmet restricted)
rPois    .         Spirit   .   (no amulet)
rElec    .         Reflect  .   (no ring)
rCorr    .         Harm     .   (no ring)
MR       .....                  (no ring)
Stlth    +++.......             (no ring)
HPRegen  0.07/turn              (no ring)
MPRegen  0.10/turn              (no ring)
                                (no ring)
                                (no ring)

@: lethally poisoned (0 -> -2), appendage
A: almost no armour, stealthy swim, amphibious, 8 rings, constrict 8, tentacle
spike 3, camouflage 1, gelatinous body 1
a: End Transformation


You were on level 4 of the Dungeon.
You were not hungry.
One of your tentacles had a temporary spike.
You visited 1 branch of the dungeon, and saw 3 of its levels.

You collected 84 gold pieces.

Inventory:

Missiles
 a - 38 arrows
Scrolls
 b - a scroll of amnesia
Potions
 d - 2 potions of curing
 e - 2 potions of stabbing {unknown}
Comestibles
 c - 2 rations


   Skills:
 * Level 1.2 Fighting
 * Level 2.2 Dodging
 * Level 0.9 Stealth
 * Level 3.6 Unarmed Combat
 + Level 2.1 Spellcasting
 * Level 2.2 Transmutations


You had 3 spell levels left.
You knew the following spells:

 Your Spells              Type           Power        Failure   Level  Hunger
a - Beastly Appendage     Tmut           #.....       9%          1    #......
b - Sticks to Snakes      Tmut           #.......     13%         2    ###....

Your spell library contained the following spells:

 Spells                   Type           Power        Failure   Level  Hunger
 Spider Form              Tmut/Pois      #.........   38%         3    ###....
 Ice Form                 Ice/Tmut       #.......     80%         4    #####..
 Blade Hands              Tmut           #.........   94%         5    ######.


Dungeon Overview and Level Annotations

Branches:
Dungeon (4/15)
 Temple: D:4-7

Altars:

Annotations:
D:4 Edmund, Eustachio


Innate Abilities, Weirdness & Mutations

You cannot wear most types of armour.
You are very stealthy in the water. (Stealth+)
You are amphibious.
You can wear up to eight rings at the same time.
You can use your tentacles to constrict eight enemies at once.
Your skin changes colour to match your surroundings (Stealth+).
Your rubbery body absorbs attacks. (AC +1, EV +1)
One of your tentacles bears a large vicious spike.


Message History

A bullfrog comes into view.
The ball python bites you but does no damage.
The ball python closely misses you.
The ball python bites you but does no damage.
The ball python closely misses you.
A worm comes into view.
All of the chunks of flesh in your inventory have rotted away.
Found a stone staircase leading up.
The adder bites you.
You are poisoned.
The adder poisons you!
You feel sick.
Okay, then.
Casting: Sticks to Snakes (safe; 13% risk of failure)
Confirm with . or Enter, or press ? or * to list all spells.
One of your tentacles grows a vicious spike.
The bullfrog misses you.
You barely miss the worm. You grab the worm. You constrict the worm.
The bullfrog hits you!
You die...

#### ##..#### #w# .@.# #
#.. ##.## ##.# .#####.
+...## ##.##.%......
#....# #..J.......
####.o..# ...##.#####
#.###.#.# ##.# # #
#.###.#.# #@#
#<.##.##o...# ##S##.###
#...w@FS.#..#
.Z............####S...##
S.....###### #.#.##
####### ....# ##....
######


You could see a bullfrog, a worm, an adder, an orc and a ball python.

Vanquished Creatures
  An ooze (D:1)
  2 leopard geckos (D:1)
  2 bats (D:1)
  5 goblins (D:1)
  3 hobgoblins (D:1)
  2 frilled lizards (D:1)
  4 kobolds (D:1)
  3 rats (D:1)
22 creatures vanquished.

Vanquished Creatures (others)
  2 gnolls (D:2)
2 creatures vanquished.

Grand Total: 24 creatures vanquished

Notes
Turn   | Place    | Note
-------+----------+-------------------------------------------
     0 | D:1      | BlueFish the Octopode Transmuter began the quest for the
                  | Orb.
     0 | D:1      | Reached XP level 1. HP: 13/13 MP: 3/3
   177 | D:1      | Reached XP level 2. HP: 12/18 MP: 3/5
   184 | D:1      | Learned a level 2 spell: Sticks to Snakes
   474 | D:1      | Reached XP level 3. HP: 23/23 MP: 4/6
   759 | D:2      | You fall into a shaft and drop 2 floors!
   786 | D:4      | Noticed Eustachio
   843 | D:4      | Noticed Edmund
   939 | D:4      | Noticed a bullfrog
   953 | D:4      | Slain by a bullfrog

Levels and vault maps discovered:
D:1:      dpeg_arrival_tiny_a, layout_rooms, st_stairs_1
D:2:      layout_basic, fiery_altar_vehumet, nicolae_overflow_crystal_walls,
          lemuel_coloured_pillars_altar, first_ration,
          minmay_misc_feat_secret_circle
D:4:      layout_loops_ring, zin_treasury, lemuel_crystal_altar,
          kennysheep_mini_moat, guppyfry_shop_venom, uniq_edmund, uniq_eustachio

Action                   || total
-------------------------++-------
Melee: Unarmed           ||    45
       Tentacles         ||    10
       Constrict         ||    10
       Kick              ||     4
       Punch             ||     1
 Cast: Beastly Appendage ||    11
       Sticks to Snakes  ||     3
  Use: Scroll            ||     5
 Stab: Sleeping          ||     2
Armor: Skin              ||     4
Dodge: Dodged            ||    31

Table legend:
 A = Non-vault XP
 B = Vault XP
 C = Vault XP percentage of total XP
 D = Non-vault monster count
 E = Vault monster count
 F = Vault count percentage of total count
                 A         B        C        D         E       F
            +---------+---------+-------+---------+---------+-------
      Total |      32 |      11 |  25.6 |      19 |       3 |  13.6
            +---------+---------+-------+---------+---------+-------
        D:1 |      32 |      11 |  25.6 |      19 |       3 |  13.6
            +---------+---------+-------+---------+---------+-------
